 Dungeon Crawl Stone Soup version 0.16-a0-3855-gd2600ac (console) character file.

707 Monkaria the Cleaver (level 7, -1/61 HPs)
             Began as a Hill Orc Fighter on Jan 31, 2015.
             Slain by an ogre
             ... wielding a +0 giant spiked club
              (16 damage)
             ... on level 5 of the Dungeon.
             The game lasted 00:05:20 (3211 turns).

Monkaria the Cleaver (Hill Orc Fighter)             Turns: 3211, Time: 00:05:20

Health: -1/61      AC:  6    Str: 21    XL:     7   Next: 67%
Magic:  7/7        EV:  9    Int:  8    God:
Gold:   209        SH:  0    Dex: 10    Spells: 0 memorised, 6 levels left

rFire  . . .     SeeInvis .     z - +4 battleaxe
rCold  . . .     Clarity  +     b - +0 scale mail
rNeg   . . .     SustAb   .     (no shield)
rPois  .         Gourm    .     (no helmet)
rElec  .         Spirit   .     (no cloak)
rCorr  .         Warding  .     (no gloves)
rMut   .         Stasis   .     (no boots)
MR     .....                    q - amulet of clarity
Stlth  +.........               (no ring)
                                B - ring of stealth

@: not resistant to hostile enchantments, very unstealthy
A: no striking features
a: no special abilities


You were on level 5 of the Dungeon.
You were not hungry.

You visited 1 branch of the dungeon, and saw 5 of its levels.

You collected 209 gold pieces.

Inventory:

Hand weapons
 z - a +4 battleaxe (weapon)
Missiles
 o - 14 poisoned needles
Armour
 b - a +0 scale mail (worn)
 c - a +1 shield
Jewellery
 q - an amulet of clarity (around neck)
 s - an uncursed ring of ice
 w - an uncursed amulet of guardian spirit
 B - a ring of stealth (left hand)
Magical devices
 h - a wand of slowing (24)
Scrolls
 f - 3 scrolls of identify
 j - 2 scrolls of recharging
 k - 2 scrolls of magic mapping
 m - 4 scrolls of remove curse
 p - a scroll of noise
 y - a scroll of teleportation {unknown}
Potions
 a - 2 potions of agility {unknown}
 e - 3 potions of might
 g - 6 potions of curing
 i - a potion of heal wounds
 l - 2 potions of lignification {unknown}
 r - 3 potions of brilliance
 t - a potion of magic
 u - a potion of flight
Comestibles
 d - a meat ration
 n - 2 bread rations
 v - 14 fruits
 x - a beef jerky


   Skills:
 - Level 5.1 Fighting
 * Level 10.2 Axes
 - Level 3.2 Armour
 - Level 3.2 Shields


You had 6 spell levels left.
You didn't know any spells.

Dungeon Overview and Level Annotations

Branches:
Dungeon (5/15)
 Temple: D:4-7

Altars:
Cheibriados
Elyvilon
Gozag
Ru


Message History

A hobgoblin comes into view. It is wielding a club.
The hobgoblin shouts!
You see here a scroll labeled METWEC ITWUT.
y - a scroll labeled METWEC ITWUT The ogre misses you.
You slash the hobgoblin!
You kill the hobgoblin!
Your scale mail prevents you from hitting the ogre.
The ogre hits you with a giant spiked club!
You slash the ogre!
The ogre is heavily wounded.
The ogre hits you with a giant spiked club!!
* * * LOW HITPOINT WARNING * * *
You barely miss the ogre.
The ogre is heavily wounded.
The ogre closely misses you.
You slash the ogre!
The ogre is severely wounded.
The ogre hits you with a giant spiked club!
You die...

. #.##. ....
#..#. ...#.#
###########.##.#
.............##.#
#..@O#..##.#
#.##.)..##.# #
####....#####.
#...........
#.<..#####.
#.#..#
#.#........#
#.#...######
#.#.#.#


You could see an ogre.

Vanquished Creatures
  Grinder (D:4)
  5 wights (D:3)
  A crimson imp (D:4)
  A hound (D:4)
  A worker ant (D:4)
  2 iguanas (D:4)
  5 adders
  4 gnolls
  A worm (D:3)
  A giant gecko (D:2)
  An ooze (D:1)
  4 orcs (D:3)
  10 bats
  6 giant cockroaches
  13 goblins
  12 hobgoblins
  5 kobolds
  A quokka (D:2)
  2 ball pythons
  3 giant newts
  9 rats
88 creatures vanquished.

Notes
Turn   | Place    | Note
--------------------------------------------------------------
     0 | D:1      | Monkaria, the Hill Orc Fighter, began the quest for the Orb.
     0 | D:1      | Reached XP level 1. HP: 19/19 MP: 1/1
    79 | D:1      | Reached XP level 2. HP: 18/27 MP: 2/2
   107 | D:1      | Reached skill level 4 in Fighting
   409 | D:1      | Reached XP level 3. HP: 33/33 MP: 3/3
  1185 | D:2      | Reached XP level 4. HP: 32/41 MP: 4/4
  1251 | D:3      | Reached skill level 5 in Axes
  1605 | D:3      | Found a snail-covered altar of Cheibriados.
  1616 | D:3      | Reached XP level 5. HP: 35/47 MP: 5/5
  2080 | D:3      | Reached skill level 5 in Fighting
  2080 | D:3      | Reached skill level 6 in Axes
  2095 | D:3      | HP: 2/48 [wight/long sword (5)]
  2096 | D:3      | Reached skill level 7 in Axes
  2096 | D:3      | Reached XP level 6. HP: 2/56 MP: 1/6
  2320 | D:4      | Reached skill level 8 in Axes
  2364 | D:4      | Reached XP level 7. HP: 42/61 MP: 5/7
  2425 | D:4      | Reached skill level 9 in Axes
  2460 | D:4      | Found a white marble altar of Elyvilon.
  2466 | D:4      | Found an opulent altar of Gozag.
  2634 | D:4      | Noticed Grinder
  2646 | D:4      | Killed Grinder
  2646 | D:4      | Reached skill level 10 in Axes
  2896 | D:4      | Found a sacrificial altar of Ru.
  3195 | D:5      | Entered Level 5 of the Dungeon
  3211 | D:5      | Slain by an ogre

Action                   |  1- 3 |  4- 6 |  7- 9 || total
-------------------------+-------+-------+-------++-------
Melee: War axe           |   110 |   125 |     8 ||   243
       Battleaxe         |       |       |    44 ||    44
Evoke: Wand              |       |       |     3 ||     3
  Use: Potion            |       |     2 |       ||     2
       Scroll            |       |       |    13 ||    13
 Stab: Paralysed         |       |       |     1 ||     1
  Eat: Chunk             |       |     5 |     3 ||     8
